 Dungeon Crawl Stone Soup version 0.20.2-3-g29329e0561 (webtiles) character file.

2164 Alfie the Slicer (level 9, -2/75 HPs)
             Began as a Minotaur Fighter on Jan 29, 2024.
             Slain by a sky beast (5 damage)
             ... on level 8 of the Dungeon.
             The game lasted 00:12:45 (5346 turns).

Alfie the Slicer (Minotaur Fighter)                 Turns: 5346, Time: 00:12:46

Health: -2/75      AC: 10    Str: 25    XL:     9   Next: 10%
Magic:  0/8        EV: 10    Int:  5    God:
Gold:   352        SH: 11    Dex:  9    Spells: 7/8 levels left

rFire    + . .     SeeInvis .   a - +0 rapier
rCold    . . .     Gourm    .   c - +0 shield
rNeg     . . .     Faith    .   b - +1 scale mail
rPois    .         Spirit   +   (helmet restricted)
rElec    .         Reflect  .   (no cloak)
rCorr    .         Harm     .   y - +0 pair of gloves
MR       +....                  (no boots)
Stlth    ..........             A - amulet of guardian spirit
Regen    0.3/turn               k - ring of protection from fire
MPRegen  0.2/turn               u - ring of protection from magic

@: about to teleport
A: retaliatory headbutt, horns 2
a: no special abilities


You were on level 8 of the Dungeon.
You were not hungry.

You visited 1 branch of the dungeon, and saw 8 of its levels.

You collected 352 gold pieces.

Inventory:

Hand Weapons
 a - a +0 rapier (weapon)
Missiles
 q - 2 tomahawks (quivered)
Armour
 b - a +1 scale mail (worn)
 c - a +0 shield (worn)
 v - a +0 cloak
 y - a +0 pair of gloves (worn)
Jewellery
 k - a ring of protection from fire (left hand)
 u - a ring of protection from magic (right hand)
 A - an amulet of guardian spirit (around neck)
Wands
 n - a wand of flame (23/48)
 o - a wand of flame (12/48)
Scrolls
 g - 5 scrolls of remove curse
 h - 3 scrolls of teleportation
 j - a scroll of magic mapping
 p - 3 scrolls of amnesia
 w - a scroll of recharging {unknown}
Potions
 d - 3 potions of might
 e - a potion of mutation {unknown}
 m - 2 potions of brilliance
 s - 2 potions of resistance {unknown}
 t - 2 potions of flight {unknown}
 x - 4 potions of curing
 z - a potion of agility {unknown}
Comestibles
 f - 7 bread rations
 i - 5 meat rations
 l - 2 royal jellies


   Skills:
 + Level 6.2 Fighting
 + Level 8.3 Short Blades
 + Level 0.2 Throwing
 + Level 7.8 Armour
 + Level 3.4 Dodging
 + Level 1.0 Stealth
 + Level 7.1 Shields


You had 7 spell levels left.
You knew the following spells:

 Your Spells              Type           Power        Failure   Level  Hunger
a - Beastly Appendage     Tmut           #.....       97%         1    ##.....


Dungeon Overview and Level Annotations

Branches:
Dungeon (8/15)             Temple (0/1) D:5
   Lair: D:8-11

Altars:
Cheibriados
Okawaru
Qazlal
Uskayaw
Vehumet
Xom
Yredelemnul
The Shining One


Innate Abilities, Weirdness & Mutations

You reflexively headbutt those who attack you in melee.
You have a pair of horns on your head.


Message History

Something hits you but does no damage.
You miss something. Your headbutt misses something.
You block the ogre's attack.
A sky beast appears from thin air!
Reactivating autopickup.
The sky beast hits you. The sky beast shocks you.
The two-headed ogre hits you with a giant club!
* * * LOW HITPOINT WARNING * * *
You block the two-headed ogre's attack.
You hit the sky beast but do no damage. Your headbutt misses the sky beast.
The sky beast is almost dead.
You block the sky beast's attack. The ogre hits you with a giant club!
* * * LOW HITPOINT WARNING * * *
As you read the scroll of teleportation, it crumbles to dust.
You feel strangely unstable. You block the two-headed ogre's attack.
The two-headed ogre hits you with a giant spiked club!
* * * LOW HITPOINT WARNING * * *
The sky beast hits you.
* * * LOW HITPOINT WARNING * * *
The sky beast shocks you.
You die...

... #.# #.#
#.# #.# #.#
#.#
.######<#####
.......O@Y..#
.######O###.#
#Z# ... ....
......
:......
.#.......


You could see a two-headed ogre, a sky beast, an ogre and a howler monkey
zombie.

Vanquished Creatures
  Pikel (D:4)
  Grinder (D:5)
  A yak (D:7)
  A slave (D:4)
  A phantom (D:5)
  2 centaurs
  2 ogres
  A bullfrog (D:6)
  3 scorpions
  2 orc priests (D:5)
  A bullfrog skeleton (D:6)
  2 hounds (D:4)
  Crazy Yiuf (D:3)
  A centaur skeleton (D:4)
  Terence (D:3)
  An iguana (D:4)
  Natasha (thrice) (D:3)
  An orc wizard (D:5)
  5 worker ants
  A hound zombie (D:6)
  A hound skeleton (D:5)
  A worker ant zombie (D:6)
  Robin (D:3)
  4 gnolls (D:7)
  3 adders
  A shadow imp (D:5)
  4 oozes
  2 adder skeletons
  2 worms
  A dart slug (D:4)
  5 leopard geckos
  4 orcs
  3 bats
  4 giant cockroaches
  12 goblins
  16 hobgoblins
  6 jackals (D:1)
  4 kobolds
  2 quokkas
  4 frilled lizards
  A jackal skeleton (D:7)
  2 quokka zombies (D:6)
  4 rats
  2 fungi (D:3)
121 creatures vanquished.

Vanquished Creatures (others)
  A worm (D:4)
1 creature vanquished.

Grand Total: 122 creatures vanquished

Notes
Turn   | Place    | Note
-------+----------+-------------------------------------------
     0 | D:1      | Alfie the Minotaur Fighter began the quest for the Orb.
     0 | D:1      | Reached XP level 1. HP: 19/19 MP: 0/0
   108 | D:1      | Reached XP level 2. HP: 27/27 MP: 1/1
   549 | D:1      | Reached XP level 3. HP: 33/33 MP: 2/2
  1105 | D:2      | Found a shimmering altar of Xom.
  1183 | D:2      | Reached skill level 3 in Short Blades
  1381 | D:2      | Reached XP level 4. HP: 40/40 MP: 3/3
  1509 | D:2      | Found a stormy altar of Qazlal.
  1802 | D:3      | Noticed Terence
  1829 | D:3      | Killed Terence
  1845 | D:3      | Noticed Natasha
  1855 | D:3      | Killed Natasha
  1943 | D:3      | Reached skill level 1 in Dodging
  1989 | D:3      | Noticed Robin
  2008 | D:3      | Reached XP level 5. HP: 15/46 MP: 4/4
  2014 | D:3      | Killed Robin
  2174 | D:3      | Noticed Natasha
  2179 | D:3      | Killed Natasha
  2179 | D:3      | Reached skill level 4 in Short Blades
  2211 | D:3      | Noticed Natasha
  2222 | D:3      | Killed Natasha
  2652 | D:3      | Found a runed door.
  2657 | D:3      | Noticed Crazy Yiuf
  2665 | D:3      | Killed Crazy Yiuf
  2740 | D:4      | HP: 2/70 [iguana (8)]
  2741 | D:4      | Reached XP level 6. HP: 3/53 MP: 5/5
  2902 | D:4      | Found a basalt altar of Yredelemnul.
  2969 | D:4      | Noticed a slave
  2970 | D:4      | Noticed a slave
  2970 | D:4      | Noticed a slave
  2970 | D:4      | Noticed Pikel
  2970 | D:4      | Noticed a slave
  2982 | D:4      | Killed a slave
  3001 | D:4      | Killed Pikel
  3001 | D:4      | Reached skill level 5 in Fighting
  3001 | D:4      | Reached skill level 6 in Short Blades
  3001 | D:4      | Reached skill level 5 in Armour
  3001 | D:4      | Reached skill level 5 in Shields
  3001 | D:4      | Reached XP level 7. HP: 12/61 MP: 6/6
  3404 | D:4      | Found a radiant altar of Vehumet.
  3709 | D:5      | Entered Level 5 of the Dungeon
  3760 | D:5      | Reached XP level 8. HP: 56/68 MP: 7/7
  3829 | D:5      | Found a staircase to the Ecumenical Temple.
  3983 | D:5      | Noticed Grinder
  3997 | D:5      | Reached skill level 7 in Short Blades
  4026 | D:5      | Killed Grinder
  4345 | D:5      | Found a glowing golden altar of the Shining One.
  4415 | D:5      | Found a snail-covered altar of Cheibriados.
  4419 | D:5      | Found an iron altar of Okawaru.
  4424 | D:5      | Found a hide-covered altar of Uskayaw.
  4775 | D:6      | Reached skill level 1 in Stealth
  4846 | D:6      | Reached skill level 8 in Short Blades
  4920 | D:6      | Learned a level 1 spell: Beastly Appendage
  5213 | D:7      | Reached XP level 9. HP: 49/75 MP: 8/8
  5336 | D:8      | Noticed a two-headed ogre
  5346 | D:8      | HP: 3/75 [sky beast (1)]
  5346 | D:8      | Slain by a sky beast

Skill      XL: |  1  2  3  4  5  6  7  8  9 |
---------------+----------------------------+-----
Shields        | 4 5 6 7 |  7.1
Fighting       | 4 5 6 |  6.2
Armour         | 4 5 6 7 |  7.8
Short Blades   | 3 4 6 8 |  8.3
Dodging        | 1 2 3 |  3.4
Stealth        | 1 |  1.0
Throwing       | |  0.2

Action                   |  1- 3 |  4- 6 |  7- 9 || total
-------------------------+-------+-------+-------++-------
Melee: Rapier            |    96 |   131 |   212 ||   439
       Headbutt          |     6 |    18 |    50 ||    74
Throw: Tomahawk          |       |       |     7 ||     7
  Use: Scroll            |       |     5 |     8 ||    13
       Potion            |       |     2 |     2 ||     4
  Eat: Royal jelly       |     1 |     1 |     3 ||     5
       Bread ration      |       |     1 |       ||     1
Armor: Scale mail        |    40 |    37 |    54 ||   131
Dodge: Dodged            |    28 |    37 |    55 ||   120
Block: Shield            |    54 |    43 |    93 ||   190
